Senators vs Sasquatch
(R2)
Created - November 3, 2018 at 21:13
Goals
|
| Senators |
0 |
3 |
1 |
4 |
| Sasquatch |
2 |
1 |
2 |
5 |
|
Shots
|
| Senators |
10 |
17 |
17 |
44 |
| Sasquatch |
14 |
15 |
8 |
37 |
|
1st period
1. Sasquatch , Drew Shore 5 (Jeff Skinner 4) at 0:06
2. Sasquatch , Petr Straka 1 (Brock Trotter 7, Dougie Hamilton 6) at 18:02
Penalties :
Sven Andrighetto (Gat) for Roughing (Minor) at 19:42
2nd period
3. Senators , Gabriel Bourque 5 (Ian Cole 6, Stephane Da Costa 9) at 1:03 (PP)
4. Senators , Stephane Da Costa 6 (Matt Frattin 6, Gabriel Bourque 8) at 2:49
5. Senators , Ian Cole 2 (Gabriel Bourque 9) at 7:31 (PP)
6. Sasquatch , Matt Halischuk 1 (Melker Karlsson 3, Drew Shore 5) at 14:38
Penalties :
Matt Frattin (BIN) for Unsportsmanlike conduct (Minor) at 3:26, Drew Shore (Gat) for Goalie Interference (Minor) at 7:20, Jeff Skinner (Gat) for Hooking (Minor) at 9:37, Teemu Hartikainen (Gat) for Interference (Minor) at 12:24, Sergey Kalinin (Gat) for Roughing (Minor) at 16:53
3rd period
7. Sasquatch , Drew Shore 6 (Dougie Hamilton 7) at 0:03
8. Sasquatch , Sven Andrighetto 3 (Devin Shore 1, Nicolas Deslauriers 3) at 1:41
9. Senators , Gabriel Bourque 6 (Stephane Da Costa 10, Matt Frattin 7) at 16:28 (PP)
Penalties :
Tomas Jurco (BIN) for Holding (Minor) at 5:34, Patrick Wey (Gat) for Holding (Minor) at 15:29
Goalie Stats
Brad Thiessen (BIN), 32 saves from 37 shots - (0.865), L, 4-3-1, 58:55 minutes
Joonas Korpisalo (Gat), 40 saves from 44 shots - (0.909), W, 1-1-0, 60:00 minutes
Players Stats for Senators
Player Name G A P +/- PIM S H SB GA TA FO MP PP MP PK MP
------------------------------------------------------------------------------------
Andy Andreoff 0 0 0 0 0 2 2 0 1 0 0/0 8:27 0:00 0:52
Arturs Kulda 0 0 0 -1 0 0 3 3 0 0 0/0 24:35 4:51 2:10
Blake Coleman 0 0 0 0 0 0 0 0 0 0 0/0 0:52 0:00 0:52
Brett Bulmer 0 0 0 0 0 0 0 0 0 0 0/0 0:00 0:00 0:00
Chandler Stephenson 0 0 0 0 0 1 0 0 0 0 0/5 7:35 0:00 0:00
Dylan Blujus 0 0 0 0 0 0 0 0 0 1 0/0 11:34 0:00 0:00
Gabriel Bourque 2 2 4 -2 0 7 0 1 1 0 1/3 23:36 5:25 1:49
Grant Besse 0 0 0 0 0 2 1 0 0 0 0/1 7:35 0:00 0:00
Ian Cole 1 1 2 -1 0 3 2 0 1 1 0/0 28:21 4:51 2:10
Johannes Salmonsson 0 0 0 -2 0 1 1 1 1 1 0/1 11:20 0:00 0:49
Keegan Lowe 0 0 0 0 0 0 0 0 0 0 0/0 11:34 0:00 0:00
Mason Geertsen 0 0 0 0 0 0 0 0 0 0 0/0 3:46 0:00 0:00
Matt Frattin 0 2 2 -2 2 4 0 0 1 2 0/0 21:51 5:25 0:00
Nick Foligno 0 0 0 0 0 3 4 1 0 1 0/0 16:49 3:03 0:49
Olli Maatta 0 0 0 -3 0 2 2 3 0 2 0/0 20:05 3:37 1:48
Phil Di Giuseppe 0 0 0 0 0 0 0 0 0 0 0/0 0:00 0:00 0:00
Samuel Morin 0 0 0 -3 0 3 0 2 0 0 0/0 20:05 3:37 1:48
Sebastian Wannstrom 0 0 0 -2 0 1 1 0 1 0 1/1 10:31 0:00 0:00
Stephane Da Costa 1 2 3 -2 0 7 2 1 1 1 9/36 24:13 5:25 2:17
Tomas Jurco 0 0 0 0 2 3 0 2 0 0 0/1 16:03 3:03 0:00
Tommy Wingels 0 0 0 0 0 4 1 0 0 0 6/11 16:00 3:03 0:00
Zemgus Girgensons 0 0 0 -2 0 1 0 1 0 0 1/6 11:08 0:00 0:28
Players Stats for Sasquatch
Player Name G A P +/- PIM S H SB GA TA FO MP PP MP PK MP
------------------------------------------------------------------------------------
Andrew Campbell 0 0 0 1 0 0 1 0 0 1 0/0 12:27 0:00 1:20
Brock Trotter 0 1 1 1 0 0 0 0 1 0 1/1 11:57 1:47 0:34
Devin Shore 0 1 1 1 0 1 0 1 0 0 3/6 10:23 0:00 2:08
Dougie Hamilton 0 2 2 1 0 3 2 1 0 2 0/0 28:24 2:30 4:38
Drew Shore 2 1 3 1 2 3 0 1 2 0 23/35 24:22 2:09 5:29
Jeff Skinner 0 1 1 1 2 3 1 0 1 0 1/1 18:27 2:09 0:00
Jesper Fast 0 0 0 1 0 2 0 3 0 0 1/1 18:05 1:47 0:00
Martin Marincin 0 0 0 2 0 2 1 1 0 0 0/0 19:53 1:28 3:14
Matt Halischuk 1 0 1 1 0 7 2 0 1 0 1/1 14:37 2:09 0:00
Melker Karlsson 0 1 1 1 0 5 0 0 2 0 9/11 14:17 1:47 0:00
Michael Stone 0 0 0 1 0 1 0 0 0 1 0/0 11:07 0:00 0:00
Nicolas Deslauriers 0 1 1 1 0 2 0 0 0 0 0/0 14:20 0:00 5:36
Patrick Wey 0 0 0 1 2 0 5 2 0 1 0/0 28:15 2:30 4:30
Petr Straka 1 0 1 1 0 3 1 0 0 1 0/0 10:06 0:02 0:00
Sergey Kalinin 0 0 0 1 2 1 1 0 1 0 6/7 12:04 0:02 1:33
Slava Voynov 0 0 0 2 0 2 0 3 1 1 0/0 19:53 1:28 3:14
Sven Andrighetto 1 0 1 1 2 1 4 0 0 0 1/1 8:09 0:00 0:00
Teemu Hartikainen 0 0 0 1 2 1 3 0 0 0 1/1 14:40 0:02 1:36
3 Stars
1 - Drew Shore (Gat)
2 - Gabriel Bourque (BIN)
3 - Stephane Da Costa (BIN)
Power Play
Senators - 3 on 6 Attempt(s) - 50.00%
Sasquatch - 0 on 2 Attempt(s) - 0.00%
Penalty Kill
Senators - 2 on 2 Attempt(s) - 100.00%
- Score 0 goal in Penalty Kill
Sasquatch - 3 on 6 Attempt(s) - 50.00%
- Score 0 goal in Penalty Kill
Team Stat
Senators - Hits : 19 - Faceoff Wins : 18 - Blocked Shots : 15 - Penalty Minutes : 4
Sasquatch - Hits : 21 - Faceoff Wins : 47 - Blocked Shots : 12 - Penalty Minutes : 12
Official
Referees : Unknown
Linesman : Unknown
Game Notes
No Game Note
Finance
Level 1 -- Attendance: 1418 (70.90%) -- Ticket Income $56,720
Level 2 -- Attendance: 714 (71.40%) -- Ticket Income $14,280
Total Attendance: 2132 (71.07%)
Total Ticket Income: $71,000
Other Income: $3,550
Total Income: $74,550
Senators
5 vs 5 Forward
Center Left Wing Right Wing Time % Phy DF OF
1 Stephane Da Costa Gabriel Bourque Matt Frattin 40 1 2 2
2 Tommy Wingels Nick Foligno Tomas Jurco 30 1 2 2
3 Zemgus Girgensons Johannes Salmonsson Sebastian Wannstrom 20 1 2 2
4 Chandler Stephenson Andy Andreoff Grant Besse 10 1 2 2
5 vs 5 Defense
Defense Defense Time % Phy DF OF
1 Ian Cole Arturs Kulda 40 1 2 2
2 Olli Maatta Samuel Morin 30 1 2 2
3 Dylan Blujus Keegan Lowe 20 1 2 2
4 Mason Geertsen Ian Cole 10 1 2 2
PowerPlay Forward
Center Left Wing Right Wing Time % Phy DF OF
1 Stephane Da Costa Gabriel Bourque Matt Frattin 60 1 2 2
2 Tommy Wingels Nick Foligno Tomas Jurco 40 1 2 2
PowerPlay Defense
Defense Defense Time % Phy DF OF
1 Ian Cole Arturs Kulda 60 1 2 2
2 Olli Maatta Samuel Morin 40 1 2 2
Penalty Kill 4 Players Forward
Center Wing Time % Phy DF OF
1 Gabriel Bourque Stephane Da Costa 60 1 2 2
2 Nick Foligno Johannes Salmonsson 40 1 2 2
Penalty Kill 4 Players Defense
Defense Defense Time % Phy DF OF
1 Ian Cole Arturs Kulda 60 1 2 2
2 Olli Maatta Samuel Morin 40 1 2 2
Penalty Kill - 3 Players Forward
Forward Time % Phy DF OF
1 Gabriel Bourque 60 1 2 2
2 Stephane Da Costa 40 1 2 2
Penalty Kill - 3 Players Defense
Defense Defense Time % Phy DF OF
1 Ian Cole Arturs Kulda 60 1 2 2
2 Olli Maatta Samuel Morin 40 1 2 2
4 vs 4 Forward
Center Wing Time % Phy DF OF
1 Gabriel Bourque Stephane Da Costa 60 1 2 2
2 Nick Foligno Johannes Salmonsson 40 1 2 2
4 vs 4 Defense
Defense Defense Time % Phy DF OF
1 Ian Cole Arturs Kulda 60 1 2 2
2 Olli Maatta Samuel Morin 40 1 2 2
Last Minutes Offensive
Center Left Wing Right Wing Defense Defense
Stephane Da Costa Gabriel Bourque Matt Frattin Ian Cole Arturs Kulda
Last Minutes Defensive
Center Left Wing Right Wing Defense Defense
Stephane Da Costa Gabriel Bourque Matt Frattin Ian Cole Arturs Kulda
Goaltenders
Starting : Brad Thiessen
Backup : Ben Bishop
Extra Forwards
Normal : Phil Di Giuseppe, Brett Bulmer, Blake Coleman - PP : Phil Di Giuseppe, Brett Bulmer - PK : Blake Coleman
Extra Defensemen
Normal : Dylan Blujus, Keegan Lowe, Mason Geertsen - PP : Dylan Blujus - PK : Keegan Lowe, Mason Geertsen
Penalty Shots
Gabriel Bourque, Stephane Da Costa, Nick Foligno, Johannes Salmonsson, Tommy Wingels
Scratches
None
Sasquatch
5 vs 5 Forward
Center Left Wing Right Wing Time % Phy DF OF
1 Drew Shore Jeff Skinner Jesper Fast 40 1 2 2
2 Melker Karlsson Teemu Hartikainen Matt Halischuk 30 1 2 2
3 Sergey Kalinin Brock Trotter Petr Straka 20 1 2 2
4 Devin Shore Nicolas Deslauriers Sven Andrighetto 10 1 2 2
5 vs 5 Defense
Defense Defense Time % Phy DF OF
1 Patrick Wey Dougie Hamilton 40 1 2 2
2 Martin Marincin Slava Voynov 30 1 2 2
3 Michael Stone Andrew Campbell 20 1 2 2
4 Patrick Wey Dougie Hamilton 10 1 2 2
PowerPlay Forward
Center Left Wing Right Wing Time % Phy DF OF
1 Drew Shore Jeff Skinner Matt Halischuk 60 1 2 2
2 Melker Karlsson Brock Trotter Jesper Fast 40 1 2 2
PowerPlay Defense
Defense Defense Time % Phy DF OF
1 Patrick Wey Dougie Hamilton 60 1 2 2
2 Martin Marincin Slava Voynov 40 1 2 2
Penalty Kill 4 Players Forward
Center Wing Time % Phy DF OF
1 Drew Shore Nicolas Deslauriers 60 1 2 2
2 Sergey Kalinin Teemu Hartikainen 40 1 2 2
Penalty Kill 4 Players Defense
Defense Defense Time % Phy DF OF
1 Patrick Wey Dougie Hamilton 60 1 2 2
2 Martin Marincin Slava Voynov 40 1 2 2
Penalty Kill - 3 Players Forward
Forward Time % Phy DF OF
1 Sergey Kalinin 60 1 2 2
2 Drew Shore 40 1 2 2
Penalty Kill - 3 Players Defense
Defense Defense Time % Phy DF OF
1 Patrick Wey Dougie Hamilton 60 1 2 2
2 Martin Marincin Slava Voynov 40 1 2 2
4 vs 4 Forward
Center Wing Time % Phy DF OF
1 Jeff Skinner Drew Shore 60 1 2 2
2 Matt Halischuk Brock Trotter 40 1 2 2
4 vs 4 Defense
Defense Defense Time % Phy DF OF
1 Patrick Wey Dougie Hamilton 60 1 2 2
2 Martin Marincin Slava Voynov 40 1 2 2
Last Minutes Offensive
Center Left Wing Right Wing Defense Defense
Drew Shore Jeff Skinner Jesper Fast Patrick Wey Dougie Hamilton
Last Minutes Defensive
Center Left Wing Right Wing Defense Defense
Drew Shore Jeff Skinner Jesper Fast Patrick Wey Dougie Hamilton
Goaltenders
Starting : Joonas Korpisalo
Backup : Corey Crawford
Extra Forwards
Normal : Sergey Kalinin, Teemu Hartikainen, Devin Shore - PP : Sergey Kalinin, Teemu Hartikainen - PK : Devin Shore
Extra Defensemen
Normal : Michael Stone, Andrew Campbell, Martin Marincin - PP : Michael Stone - PK : Andrew Campbell, Martin Marincin
Penalty Shots
Jeff Skinner, Melker Karlsson, Devin Shore, Petr Straka, Matt Halischuk
Scratches
Ryan Dzingel (Healthy), T.J. Tynan (Healthy), Ty Rattie (Healthy), Brett Pesce (Healthy), Joey Laleggia (Healthy)
Cal Petersen (Healthy)
% Time on Ice - Senators
Lines # - Real PCT - Wanted PCT - Time Play
Normal Forward
1 - 33% - 40% - 15:19
2 - 28% - 30% - 12:57
3 - 23% - 20% - 10:31
4 - 16% - 10% - 7:35
Normal Defense
1 - 37% - 40% - 17:09
2 - 30% - 30% - 13:53
3 - 25% - 20% - 11:34
4 - 8% - 10% - 3:46
PP Forward
1 - 64% - 60% - 5:25
2 - 36% - 40% - 3:03
PP Defense
1 - 57% - 60% - 4:51
2 - 43% - 40% - 3:37
PK Forward
1 - 79% - 60% - 3:09
2 - 21% - 40% - 0:49
PK Defense
1 - 55% - 60% - 2:10
2 - 45% - 40% - 1:48
PK3 Forward
1 - 0% - 60%
2 - 0% - 40%
PK3 Defense
1 - 0% - 60%
2 - 0% - 40%
44 Forward
1 - 0% - 60%
2 - 0% - 40%
44 Defense
1 - 0% - 60%
2 - 0% - 40%
Last Minute Offensive - 1:12
Last Minute Defensive - 0:00
Total
Forward - 60:00
Defense - 60:00
|
% Time on Ice - Sasquatch
Lines # - Real PCT - Wanted PCT - Time Play
Normal Forward
1 - 34% - 40% - 15:38
2 - 27% - 30% - 12:30
3 - 22% - 20% - 10:03
4 - 18% - 10% - 8:10
Normal Defense
1 - 41% - 40% - 19:07
2 - 33% - 30% - 15:11
3 - 22% - 20% - 10:19
4 - 4% - 10% - 1:44
PP Forward
1 - 55% - 60% - 2:11
2 - 45% - 40% - 1:47
PP Defense
1 - 63% - 60% - 2:30
2 - 37% - 40% - 1:28
PK Forward
1 - 72% - 60% - 6:06
2 - 28% - 40% - 2:22
PK Defense
1 - 62% - 60% - 5:14
2 - 38% - 40% - 3:14
PK3 Forward
1 - 0% - 60%
2 - 0% - 40%
PK3 Defense
1 - 0% - 60%
2 - 0% - 40%
44 Forward
1 - 0% - 60%
2 - 0% - 40%
44 Defense
1 - 0% - 60%
2 - 0% - 40%
Last Minute Offensive - 0:00
Last Minute Defensive - 1:13
Total
Forward - 60:00
Defense - 60:00
|
Play by Play
1st period
0:01 of 1st period - Drew Shore wins face-off versus Stephane Da Costa in neutral zone.
0:06 of 1st period - Snap shot by Drew Shore.
0:06 of 1st period - Goal by Drew Shore - Senators : 0 - Sasquatch : 1.
0:07 of 1st period - Tommy Wingels wins face-off versus Melker Karlsson in neutral zone.
0:39 of 1st period - Slapshot by Johannes Salmonsson.
0:39 of 1st period - Shot Misses the Net.
0:41 of 1st period - Slapshot by Samuel Morin.
0:41 of 1st period - Stopped by Joonas Korpisalo without a rebound.
0:42 of 1st period - Drew Shore wins face-off versus Stephane Da Costa in Sasquatch zone.
1:41 of 1st period - Snap shot by Sergey Kalinin.
1:41 of 1st period - Shot Blocked by Nick Foligno.
1:43 of 1st period - Wrist shot by Sergey Kalinin.
1:43 of 1st period - Shot Blocked by Tomas Jurco.
2:28 of 1st period - Snap shot by Stephane Da Costa.
2:28 of 1st period - Stopped by Joonas Korpisalo without a rebound.
2:29 of 1st period - Sergey Kalinin wins face-off versus Stephane Da Costa in Sasquatch zone.
2:54 of 1st period - Stephane Da Costa is hit by Matt Halischuk and loses puck.
3:03 of 1st period - Slapshot by Matt Halischuk.
3:03 of 1st period - Shot Misses the Net.
3:05 of 1st period - Snap shot by Michael Stone.
3:05 of 1st period - Stopped by Brad Thiessen with a rebound.
3:27 of 1st period - Wrist shot by Tommy Wingels.
3:27 of 1st period - Shot Blocked by Jesper Fast.
4:22 of 1st period - Martin Marincin is hit by Johannes Salmonsson and loses puck.
4:41 of 1st period - Snap shot by Drew Shore.
4:41 of 1st period - Shot Misses the Net.
5:11 of 1st period - Snap shot by Matt Halischuk.
5:11 of 1st period - Shot Hit the Post.
5:13 of 1st period - Snap shot by Matt Halischuk.
5:13 of 1st period - Stopped by Brad Thiessen with a rebound.
5:15 of 1st period - Wrist shot by Teemu Hartikainen.
5:15 of 1st period - Shot Misses the Net.
5:17 of 1st period - Snap shot by Melker Karlsson.
5:17 of 1st period - Stopped by Brad Thiessen without a rebound.
5:18 of 1st period - Drew Shore wins face-off versus Tommy Wingels in Senators zone.
5:21 of 1st period - Snap shot by Jeff Skinner.
5:21 of 1st period - Stopped by Brad Thiessen with a rebound.
5:23 of 1st period - Slapshot by Dougie Hamilton.
5:23 of 1st period - Stopped by Brad Thiessen without a rebound.
5:24 of 1st period - Tommy Wingels wins face-off versus Drew Shore in Senators zone.
5:35 of 1st period - Wrist shot by Tommy Wingels.
5:35 of 1st period - Shot Misses the Net.
6:23 of 1st period - Wrist shot by Stephane Da Costa.
6:23 of 1st period - Stopped by Joonas Korpisalo without a rebound.
6:24 of 1st period - Drew Shore wins face-off versus Johannes Salmonsson in Sasquatch zone.
6:24 of 1st period - Drew Shore is hit by Olli Maatta.
6:58 of 1st period - Snap shot by Gabriel Bourque.
6:58 of 1st period - Shot Misses the Net.
7:03 of 1st period - Off-side.
7:04 of 1st period - Drew Shore wins face-off versus Chandler Stephenson in neutral zone.
7:43 of 1st period - Wrist shot by Gabriel Bourque.
7:43 of 1st period - Stopped by Joonas Korpisalo with a rebound.
8:13 of 1st period - Tommy Wingels is hit by Sven Andrighetto and loses puck.
8:22 of 1st period - Wrist shot by Nick Foligno.
8:22 of 1st period - Stopped by Joonas Korpisalo with a rebound.
8:46 of 1st period - Slapshot by Ian Cole.
8:46 of 1st period - Stopped by Joonas Korpisalo with a rebound.
8:57 of 1st period - Icing by Arturs Kulda.
8:58 of 1st period - Brock Trotter wins face-off versus Chandler Stephenson in Senators zone.
8:59 of 1st period - Wrist shot by Petr Straka.
8:59 of 1st period - Stopped by Brad Thiessen without a rebound.
9:00 of 1st period - Sergey Kalinin wins face-off versus Chandler Stephenson in Senators zone.
9:11 of 1st period - Sergey Kalinin is hit by Andy Andreoff.
9:34 of 1st period - Snap shot by Jesper Fast.
9:34 of 1st period - Stopped by Brad Thiessen with a rebound.
9:52 of 1st period - Snap shot by Nick Foligno.
9:52 of 1st period - Stopped by Joonas Korpisalo without a rebound.
9:53 of 1st period - Tommy Wingels wins face-off versus Devin Shore in Sasquatch zone.
10:00 of 1st period - Slapshot by Tommy Wingels.
10:00 of 1st period - Shot Misses the Net.
10:02 of 1st period - Snap shot by Keegan Lowe.
10:02 of 1st period - Shot Blocked by Devin Shore.
10:08 of 1st period - Wrist shot by Tommy Wingels.
10:08 of 1st period - Stopped by Joonas Korpisalo with a rebound.
10:10 of 1st period - Snap shot by Tommy Wingels.
10:10 of 1st period - Stopped by Joonas Korpisalo without a rebound.
10:11 of 1st period - Stephane Da Costa wins face-off versus Drew Shore in Sasquatch zone.
10:18 of 1st period - Wrist shot by Drew Shore.
10:18 of 1st period - Shot Blocked by Gabriel Bourque.
11:45 of 1st period - Gabriel Bourque is hit by Sven Andrighetto and loses puck.
12:15 of 1st period - Martin Marincin is hit by Sebastian Wannstrom and loses puck.
13:30 of 1st period - Icing by Ian Cole.
13:31 of 1st period - Melker Karlsson wins face-off versus Grant Besse in Senators zone.
13:34 of 1st period - Snap shot by Drew Shore.
13:34 of 1st period - Stopped by Brad Thiessen with a rebound.
13:36 of 1st period - Wrist shot by Jeff Skinner.
13:36 of 1st period - Stopped by Brad Thiessen with a rebound.
13:38 of 1st period - Slapshot by Slava Voynov.
13:38 of 1st period - Shot Blocked by Arturs Kulda.
14:18 of 1st period - Michael Stone is hit by Ian Cole and loses puck.
15:20 of 1st period - Teemu Hartikainen is hit by Nick Foligno and loses puck.
16:24 of 1st period - Wrist shot by Petr Straka.
16:24 of 1st period - Stopped by Brad Thiessen without a rebound.
16:25 of 1st period - Drew Shore wins face-off versus Stephane Da Costa in Senators zone.
16:49 of 1st period - Off-side.
16:50 of 1st period - Melker Karlsson wins face-off versus Tommy Wingels in neutral zone.
16:53 of 1st period - Snap shot by Melker Karlsson.
16:53 of 1st period - Stopped by Brad Thiessen with a rebound.
17:16 of 1st period - Teemu Hartikainen is hit by Tommy Wingels and loses puck.
17:29 of 1st period - Wrist shot by Melker Karlsson.
17:29 of 1st period - Stopped by Brad Thiessen without a rebound.
17:30 of 1st period - Stephane Da Costa wins face-off versus Drew Shore in Senators zone.
17:37 of 1st period - Snap shot by Matt Frattin.
17:37 of 1st period - Deflect By Stephane Da Costa.
17:37 of 1st period - Stopped by Joonas Korpisalo with a rebound.
17:55 of 1st period - Samuel Morin is hit by Petr Straka and loses puck.
18:02 of 1st period - Slapshot by Petr Straka.
18:02 of 1st period - Goal by Petr Straka - Senators : 0 - Sasquatch : 2.
18:03 of 1st period - Jeff Skinner wins face-off versus Stephane Da Costa in neutral zone.
18:29 of 1st period - Ian Cole is hit by Patrick Wey and loses puck.
18:48 of 1st period - Zemgus Girgensons is hit by Sergey Kalinin and loses puck.
19:13 of 1st period - Slapshot by Nicolas Deslauriers.
19:13 of 1st period - Deflect By Sven Andrighetto.
19:13 of 1st period - Shot Blocked by Olli Maatta.
19:13 of 1st period - Puck is out of play.
19:14 of 1st period - Devin Shore wins face-off versus Chandler Stephenson in Senators zone.
19:27 of 1st period - Arturs Kulda is hit by Patrick Wey and loses puck.
19:36 of 1st period - Nicolas Deslauriers is hit by Grant Besse and loses puck.
19:42 of 1st period - Minor Penalty to Sven Andrighetto for Roughing.
19:43 of 1st period - Stephane Da Costa wins face-off versus Drew Shore in Sasquatch zone.
Goals for this period are 0 for Senators vs 2 for Sasquatch.
Shots for this period are 10 for Senators vs 14 for Sasquatch.
2nd period
0:01 of 2nd period - Stephane Da Costa wins face-off versus Drew Shore in neutral zone.
0:34 of 2nd period - Slapshot by Tomas Jurco.
0:34 of 2nd period - Shot Misses the Net.
0:36 of 2nd period - Wrist shot by Tomas Jurco.
0:36 of 2nd period - Stopped by Joonas Korpisalo without a rebound.
0:37 of 2nd period - Drew Shore wins face-off versus Stephane Da Costa in Sasquatch zone.
0:48 of 2nd period - Wrist shot by Stephane Da Costa.
0:48 of 2nd period - Stopped by Joonas Korpisalo without a rebound.
0:49 of 2nd period - Teemu Hartikainen wins face-off versus Stephane Da Costa in Sasquatch zone.
0:49 of 2nd period - Teemu Hartikainen is hit by Arturs Kulda.
1:03 of 2nd period - Wrist shot by Gabriel Bourque.
1:03 of 2nd period - Goal by Gabriel Bourque - Senators : 1 - Sasquatch : 2.
1:04 of 2nd period - Stephane Da Costa wins face-off versus Drew Shore in neutral zone.
1:09 of 2nd period - Snap shot by Stephane Da Costa.
1:09 of 2nd period - Stopped by Joonas Korpisalo with a rebound.
1:11 of 2nd period - Slapshot by Matt Frattin.
1:11 of 2nd period - Stopped by Joonas Korpisalo without a rebound.
1:12 of 2nd period - Drew Shore wins face-off versus Stephane Da Costa in Sasquatch zone.
1:54 of 2nd period - Snap shot by Jesper Fast.
1:54 of 2nd period - Shot Blocked by Stephane Da Costa.
2:23 of 2nd period - Wrist shot by Jesper Fast.
2:23 of 2nd period - Shot Misses the Net.
2:45 of 2nd period - Wrist shot by Gabriel Bourque.
2:45 of 2nd period - Stopped by Joonas Korpisalo with a rebound.
2:47 of 2nd period - Slapshot by Matt Frattin.
2:47 of 2nd period - Stopped by Joonas Korpisalo with a rebound.
2:49 of 2nd period - Slapshot by Stephane Da Costa.
2:49 of 2nd period - Goal by Stephane Da Costa - Senators : 2 - Sasquatch : 2.
2:50 of 2nd period - Tommy Wingels wins face-off versus Melker Karlsson in neutral zone.
2:55 of 2nd period - Wrist shot by Matt Halischuk.
2:55 of 2nd period - Shot Misses the Net.
2:57 of 2nd period - Snap shot by Matt Halischuk.
2:57 of 2nd period - Shot Blocked by Samuel Morin.
2:59 of 2nd period - Backhand shot by Melker Karlsson.
2:59 of 2nd period - Shot Blocked by Tomas Jurco.
3:01 of 2nd period - Slapshot by Martin Marincin.
3:01 of 2nd period - Stopped by Brad Thiessen with a rebound.
3:03 of 2nd period - Slapshot by Slava Voynov.
3:03 of 2nd period - Stopped by Brad Thiessen with a rebound.
3:05 of 2nd period - Slapshot by Slava Voynov.
3:05 of 2nd period - Stopped by Brad Thiessen without a rebound.
3:06 of 2nd period - Sergey Kalinin wins face-off versus Zemgus Girgensons in Senators zone.
3:07 of 2nd period - Snap shot by Brock Trotter.
3:07 of 2nd period - Deflect By Olli Maatta.
3:07 of 2nd period - Shot Blocked by Zemgus Girgensons.
3:07 of 2nd period - Puck is out of play.
3:08 of 2nd period - Sergey Kalinin wins face-off versus Zemgus Girgensons in Senators zone.
3:11 of 2nd period - Snap shot by Sergey Kalinin.
3:11 of 2nd period - Stopped by Brad Thiessen without a rebound.
3:12 of 2nd period - Sebastian Wannstrom wins face-off versus Sergey Kalinin in Senators zone.
3:21 of 2nd period - Wrist shot by Brock Trotter.
3:21 of 2nd period - Shot Misses the Net.
3:23 of 2nd period - Slapshot by Martin Marincin.
3:23 of 2nd period - Stopped by Brad Thiessen without a rebound.
3:24 of 2nd period - Stephane Da Costa wins face-off versus Drew Shore in Senators zone.
3:26 of 2nd period - Minor Penalty to Matt Frattin for Unsportsmanlike conduct.
3:27 of 2nd period - Drew Shore wins face-off versus Gabriel Bourque in Senators zone.
3:37 of 2nd period - Wrist shot by Matt Halischuk.
3:37 of 2nd period - Stopped by Brad Thiessen with a rebound.
3:41 of 2nd period - Wrist shot by Drew Shore.
3:41 of 2nd period - Shot Blocked by Arturs Kulda.
3:43 of 2nd period - Slapshot by Patrick Wey.
3:43 of 2nd period - Shot Misses the Net.
5:26 of 2nd period - Penalty to Matt Frattin is over, Matt Frattin is back on ice.
5:42 of 2nd period - Olli Maatta is hit by Sven Andrighetto and loses puck.
6:20 of 2nd period - Snap shot by Grant Besse.
6:20 of 2nd period - Stopped by Joonas Korpisalo with a rebound.
6:24 of 2nd period - Wrist shot by Andy Andreoff.
6:24 of 2nd period - Stopped by Joonas Korpisalo with a rebound.
6:51 of 2nd period - Icing by Ian Cole.
6:52 of 2nd period - Sven Andrighetto wins face-off versus Zemgus Girgensons in Senators zone.
6:55 of 2nd period - Wrist shot by Nicolas Deslauriers.
6:55 of 2nd period - Stopped by Brad Thiessen with a rebound.
6:57 of 2nd period - Slapshot by Dougie Hamilton.
6:57 of 2nd period - Shot Misses the Net.
6:59 of 2nd period - Slapshot by Nicolas Deslauriers.
6:59 of 2nd period - Stopped by Brad Thiessen with a rebound.
7:01 of 2nd period - Slapshot by Dougie Hamilton.
7:01 of 2nd period - Deflect By Ian Cole.
7:01 of 2nd period - Stopped by Brad Thiessen without a rebound.
7:02 of 2nd period - Drew Shore wins face-off versus Stephane Da Costa in Senators zone.
7:15 of 2nd period - Snap shot by Stephane Da Costa.
7:15 of 2nd period - Shot Blocked by Drew Shore.
7:20 of 2nd period - Minor Penalty to Drew Shore for Goalie Interference.
7:21 of 2nd period - Devin Shore wins face-off versus Stephane Da Costa in Sasquatch zone.
7:31 of 2nd period - Wrist shot by Ian Cole.
7:31 of 2nd period - Goal by Ian Cole - Senators : 3 - Sasquatch : 2.
7:32 of 2nd period - Drew Shore wins face-off versus Stephane Da Costa in neutral zone.
7:57 of 2nd period - Tommy Wingels is hit by Teemu Hartikainen and loses puck.
8:24 of 2nd period - Ian Cole is hit by Sven Andrighetto and loses puck.
9:05 of 2nd period - Backhand shot by Teemu Hartikainen.
9:05 of 2nd period - Deflect By Melker Karlsson.
9:05 of 2nd period - Stopped by Brad Thiessen with a rebound.
9:07 of 2nd period - Wrist shot by Teemu Hartikainen.
9:07 of 2nd period - Shot Blocked by Arturs Kulda.
9:09 of 2nd period - Slapshot by Patrick Wey.
9:09 of 2nd period - Deflect By Matt Halischuk.
9:09 of 2nd period - Stopped by Brad Thiessen with a rebound.
9:11 of 2nd period - Slapshot by Teemu Hartikainen.
9:11 of 2nd period - Shot Misses the Net.
9:21 of 2nd period - Petr Straka is hit by Arturs Kulda.
9:26 of 2nd period - Off-side.
9:27 of 2nd period - Drew Shore wins face-off versus Stephane Da Costa in neutral zone.
9:30 of 2nd period - Slapshot by Dougie Hamilton.
9:30 of 2nd period - Shot Misses the Net.
9:37 of 2nd period - Minor Penalty to Jeff Skinner for Hooking.
9:38 of 2nd period - Drew Shore wins face-off versus Stephane Da Costa in Sasquatch zone.
9:46 of 2nd period - Snap shot by Stephane Da Costa.
9:46 of 2nd period - Shot Blocked by Patrick Wey.
9:48 of 2nd period - Wrist shot by Stephane Da Costa.
9:48 of 2nd period - Shot Misses the Net.
9:50 of 2nd period - Wrist shot by Gabriel Bourque.
9:50 of 2nd period - Stopped by Joonas Korpisalo with a rebound.
9:52 of 2nd period - Slapshot by Matt Frattin.
9:52 of 2nd period - Stopped by Joonas Korpisalo with a rebound.
9:54 of 2nd period - Slapshot by Samuel Morin.
9:54 of 2nd period - Deflect By Matt Frattin.
9:54 of 2nd period - Stopped by Joonas Korpisalo without a rebound.
9:55 of 2nd period - Drew Shore wins face-off versus Stephane Da Costa in Sasquatch zone.
10:04 of 2nd period - Drew Shore is hit by Olli Maatta and loses puck.
11:20 of 2nd period - Gabriel Bourque is hit by Patrick Wey and loses puck.
11:37 of 2nd period - Penalty to Jeff Skinner is over, Jeff Skinner is back on ice.
11:45 of 2nd period - Wrist shot by Matt Halischuk.
11:45 of 2nd period - Stopped by Brad Thiessen without a rebound.
11:46 of 2nd period - Melker Karlsson wins face-off versus Zemgus Girgensons in Senators zone.
11:53 of 2nd period - Snap shot by Matt Halischuk.
11:53 of 2nd period - Stopped by Brad Thiessen with a rebound.
11:55 of 2nd period - Wrist shot by Teemu Hartikainen.
11:55 of 2nd period - Stopped by Brad Thiessen without a rebound.
11:56 of 2nd period - Melker Karlsson wins face-off versus Tomas Jurco in Senators zone.
12:07 of 2nd period - Backhand shot by Tommy Wingels.
12:07 of 2nd period - Stopped by Joonas Korpisalo without a rebound.
12:08 of 2nd period - Jesper Fast wins face-off versus Stephane Da Costa in Sasquatch zone.
12:13 of 2nd period - Snap shot by Gabriel Bourque.
12:13 of 2nd period - Shot Blocked by Jesper Fast.
12:15 of 2nd period - Snap shot by Gabriel Bourque.
12:15 of 2nd period - Stopped by Joonas Korpisalo with a rebound.
12:17 of 2nd period - Wrist shot by Matt Frattin.
12:17 of 2nd period - Shot Misses the Net.
12:19 of 2nd period - Slapshot by Olli Maatta.
12:19 of 2nd period - Shot Misses the Net.
12:21 of 2nd period - Slapshot by Olli Maatta.
12:21 of 2nd period - Stopped by Joonas Korpisalo without a rebound.
12:22 of 2nd period - Melker Karlsson wins face-off versus Stephane Da Costa in Sasquatch zone.
12:24 of 2nd period - Minor Penalty to Teemu Hartikainen for Interference.
12:25 of 2nd period - Drew Shore wins face-off versus Stephane Da Costa in Sasquatch zone.
12:29 of 2nd period - Stephane Da Costa is hit by Patrick Wey and loses puck.
13:00 of 2nd period - Slapshot by Ian Cole.
13:00 of 2nd period - Shot Misses the Net.
13:42 of 2nd period - Olli Maatta is hit by Dougie Hamilton and loses puck.
13:56 of 2nd period - Icing by Arturs Kulda.
13:57 of 2nd period - Drew Shore wins face-off versus Tommy Wingels in Senators zone.
14:24 of 2nd period - Penalty to Teemu Hartikainen is over, Teemu Hartikainen is back on ice.
14:38 of 2nd period - Snap shot by Matt Halischuk.
14:38 of 2nd period - Goal by Matt Halischuk - Senators : 3 - Sasquatch : 3.
14:39 of 2nd period - Melker Karlsson wins face-off versus Stephane Da Costa in neutral zone.
15:04 of 2nd period - Tommy Wingels is hit by Dougie Hamilton and loses puck.
16:05 of 2nd period - Matt Frattin is hit by Teemu Hartikainen and loses puck.
16:53 of 2nd period - Minor Penalty to Sergey Kalinin for Roughing.
16:54 of 2nd period - Drew Shore wins face-off versus Tommy Wingels in Sasquatch zone.
17:08 of 2nd period - Snap shot by Ian Cole.
17:08 of 2nd period - Shot Blocked by Slava Voynov.
17:10 of 2nd period - Snap shot by Nick Foligno.
17:10 of 2nd period - Shot Blocked by Slava Voynov.
17:26 of 2nd period - Stephane Da Costa is hit by Teemu Hartikainen and loses puck.
18:18 of 2nd period - Icing by Arturs Kulda.
18:19 of 2nd period - Devin Shore wins face-off versus Stephane Da Costa in Senators zone.
18:53 of 2nd period - Penalty to Sergey Kalinin is over, Sergey Kalinin is back on ice.
19:04 of 2nd period - Wrist shot by Andy Andreoff.
19:04 of 2nd period - Shot Blocked by Slava Voynov.
19:12 of 2nd period - Slapshot by Grant Besse.
19:12 of 2nd period - Shot Hit the Post.
Goals for this period are 3 for Senators vs 1 for Sasquatch.
Shots for this period are 17 for Senators vs 15 for Sasquatch.
3rd period
0:01 of 3rd period - Drew Shore wins face-off versus Stephane Da Costa in neutral zone.
0:01 of 3rd period - Dougie Hamilton is hit by Arturs Kulda.
0:03 of 3rd period - Wrist shot by Drew Shore.
0:03 of 3rd period - Goal by Drew Shore - Senators : 3 - Sasquatch : 4.
0:04 of 3rd period - Stephane Da Costa wins face-off versus Drew Shore in neutral zone.
0:07 of 3rd period - Backhand shot by Stephane Da Costa.
0:07 of 3rd period - Shot Misses the Net.
0:19 of 3rd period - Wrist shot by Jeff Skinner.
0:19 of 3rd period - Stopped by Brad Thiessen with a rebound.
0:31 of 3rd period - Matt Halischuk is hit by Nick Foligno and loses puck.
0:38 of 3rd period - Snap shot by Tomas Jurco.
0:38 of 3rd period - Stopped by Joonas Korpisalo with a rebound.
0:40 of 3rd period - Slapshot by Tomas Jurco.
0:40 of 3rd period - Stopped by Joonas Korpisalo with a rebound.
0:52 of 3rd period - Snap shot by Patrick Wey.
0:52 of 3rd period - Shot Blocked by Olli Maatta.
1:32 of 3rd period - Olli Maatta is hit by Martin Marincin and loses puck.
1:39 of 3rd period - Snap shot by Devin Shore.
1:39 of 3rd period - Shot Misses the Net.
1:41 of 3rd period - Snap shot by Sven Andrighetto.
1:41 of 3rd period - Goal by Sven Andrighetto - Senators : 3 - Sasquatch : 5.
1:42 of 3rd period - Drew Shore wins face-off versus Stephane Da Costa in neutral zone.
1:53 of 3rd period - Snap shot by Jesper Fast.
1:53 of 3rd period - Stopped by Brad Thiessen without a rebound.
1:54 of 3rd period - Drew Shore wins face-off versus Stephane Da Costa in Senators zone.
2:03 of 3rd period - Jesper Fast is hit by Ian Cole and loses puck.
2:27 of 3rd period - Snap shot by Tommy Wingels.
2:27 of 3rd period - Shot Misses the Net.
2:41 of 3rd period - Slapshot by Patrick Wey.
2:41 of 3rd period - Shot Blocked by Johannes Salmonsson.
2:43 of 3rd period - Snap shot by Dougie Hamilton.
2:43 of 3rd period - Stopped by Brad Thiessen without a rebound.
2:44 of 3rd period - Zemgus Girgensons wins face-off versus Devin Shore in Senators zone.
2:55 of 3rd period - Wrist shot by Sebastian Wannstrom.
2:55 of 3rd period - Stopped by Joonas Korpisalo with a rebound.
3:59 of 3rd period - Wrist shot by Nicolas Deslauriers.
3:59 of 3rd period - Shot Blocked by Olli Maatta.
4:01 of 3rd period - Snap shot by Slava Voynov.
4:01 of 3rd period - Deflect By Sven Andrighetto.
4:01 of 3rd period - Shot Blocked by Samuel Morin.
4:01 of 3rd period - Puck is out of play.
4:02 of 3rd period - Stephane Da Costa wins face-off versus Drew Shore in Senators zone.
4:11 of 3rd period - Snap shot by Stephane Da Costa.
4:11 of 3rd period - Stopped by Joonas Korpisalo with a rebound.
5:34 of 3rd period - Minor Penalty to Tomas Jurco for Holding.
5:35 of 3rd period - Matt Halischuk wins face-off versus Gabriel Bourque in Senators zone.
5:39 of 3rd period - Slapshot by Dougie Hamilton.
5:39 of 3rd period - Shot Misses the Net.
7:21 of 3rd period - Samuel Morin is hit by Matt Halischuk and loses puck.
7:34 of 3rd period - Penalty to Tomas Jurco is over, Tomas Jurco is back on ice.
7:37 of 3rd period - Off-side.
7:38 of 3rd period - Tommy Wingels wins face-off versus Devin Shore in neutral zone.
9:07 of 3rd period - Snap shot by Devin Shore.
9:07 of 3rd period - Stopped by Brad Thiessen with a rebound.
9:14 of 3rd period - Icing by Ian Cole.
9:15 of 3rd period - Gabriel Bourque wins face-off versus Drew Shore in Senators zone.
9:50 of 3rd period - Slapshot by Nick Foligno.
9:50 of 3rd period - Stopped by Joonas Korpisalo with a rebound.
10:06 of 3rd period - Wrist shot by Johannes Salmonsson.
10:06 of 3rd period - Stopped by Joonas Korpisalo with a rebound.
10:08 of 3rd period - Backhand shot by Olli Maatta.
10:08 of 3rd period - Stopped by Joonas Korpisalo with a rebound.
10:10 of 3rd period - Slapshot by Samuel Morin.
10:10 of 3rd period - Stopped by Joonas Korpisalo with a rebound.
10:27 of 3rd period - Snap shot by Chandler Stephenson.
10:27 of 3rd period - Stopped by Joonas Korpisalo without a rebound.
10:28 of 3rd period - Melker Karlsson wins face-off versus Stephane Da Costa in Sasquatch zone.
10:35 of 3rd period - Matt Halischuk is hit by Stephane Da Costa and loses puck.
10:39 of 3rd period - Icing by Matt Halischuk.
10:40 of 3rd period - Melker Karlsson wins face-off versus Stephane Da Costa in Sasquatch zone.
10:47 of 3rd period - Arturs Kulda is hit by Andrew Campbell and loses puck.
10:54 of 3rd period - Wrist shot by Melker Karlsson.
10:54 of 3rd period - Stopped by Brad Thiessen with a rebound.
10:56 of 3rd period - Snap shot by Matt Halischuk.
10:56 of 3rd period - Stopped by Brad Thiessen without a rebound.
10:57 of 3rd period - Drew Shore wins face-off versus Tommy Wingels in Senators zone.
11:02 of 3rd period - Slapshot by Drew Shore.
11:02 of 3rd period - Deflect By Arturs Kulda.
11:02 of 3rd period - Shot Misses the Net.
11:02 of 3rd period - Puck is out of play.
11:03 of 3rd period - Tommy Wingels wins face-off versus Drew Shore in Senators zone.
11:18 of 3rd period - Wrist shot by Tommy Wingels.
11:18 of 3rd period - Shot Blocked by Jesper Fast.
11:34 of 3rd period - Wrist shot by Zemgus Girgensons.
11:34 of 3rd period - Stopped by Joonas Korpisalo with a rebound.
11:50 of 3rd period - Snap shot by Andy Andreoff.
11:50 of 3rd period - Stopped by Joonas Korpisalo without a rebound.
11:51 of 3rd period - Melker Karlsson wins face-off versus Chandler Stephenson in Sasquatch zone.
11:51 of 3rd period - Matt Halischuk is hit by Andy Andreoff.
14:00 of 3rd period - Melker Karlsson is hit by Nick Foligno.
14:31 of 3rd period - Matt Frattin is hit by Jeff Skinner and loses puck.
15:10 of 3rd period - Ian Cole is hit by Patrick Wey and loses puck.
15:13 of 3rd period - Snap shot by Grant Besse.
15:13 of 3rd period - Stopped by Joonas Korpisalo with a rebound.
15:15 of 3rd period - Snap shot by Chandler Stephenson.
15:15 of 3rd period - Shot Blocked by Patrick Wey.
15:17 of 3rd period - Wrist shot by Chandler Stephenson.
15:17 of 3rd period - Shot Blocked by Dougie Hamilton.
15:19 of 3rd period - Wrist shot by Grant Besse.
15:19 of 3rd period - Shot Misses the Net.
15:21 of 3rd period - Slapshot by Ian Cole.
15:21 of 3rd period - Stopped by Joonas Korpisalo with a rebound.
15:23 of 3rd period - Wrist shot by Andy Andreoff.
15:23 of 3rd period - Shot Misses the Net.
15:29 of 3rd period - Minor Penalty to Patrick Wey for Holding.
15:30 of 3rd period - Drew Shore wins face-off versus Stephane Da Costa in Sasquatch zone.
15:44 of 3rd period - Off-side.
15:45 of 3rd period - Stephane Da Costa wins face-off versus Drew Shore in neutral zone.
16:12 of 3rd period - Wrist shot by Tommy Wingels.
16:12 of 3rd period - Stopped by Joonas Korpisalo with a rebound.
16:14 of 3rd period - Wrist shot by Nick Foligno.
16:14 of 3rd period - Shot Misses the Net.
16:16 of 3rd period - Slapshot by Samuel Morin.
16:16 of 3rd period - Stopped by Joonas Korpisalo without a rebound.
16:17 of 3rd period - Sergey Kalinin wins face-off versus Stephane Da Costa in Sasquatch zone.
16:28 of 3rd period - Snap shot by Gabriel Bourque.
16:28 of 3rd period - Goal by Gabriel Bourque - Senators : 4 - Sasquatch : 5.
16:29 of 3rd period - Sergey Kalinin wins face-off versus Zemgus Girgensons in neutral zone.
18:02 of 3rd period - Wrist shot by Sebastian Wannstrom.
18:02 of 3rd period - Shot Misses the Net.
18:04 of 3rd period - Slapshot by Olli Maatta.
18:04 of 3rd period - Shot Blocked by Martin Marincin.
18:18 of 3rd period - Teemu Hartikainen is hit by Stephane Da Costa and loses puck.
18:36 of 3rd period - Michael Stone is hit by Nick Foligno and loses puck.
18:55 of 3rd period - Senators, Brad Thiessen is pulled from the net.
19:10 of 3rd period - Snap shot by Gabriel Bourque.
19:10 of 3rd period - Stopped by Joonas Korpisalo with a rebound.
19:34 of 3rd period - Wrist shot by Gabriel Bourque.
19:34 of 3rd period - Deflect By Jeff Skinner.
19:34 of 3rd period - Shot Misses the Net.
19:34 of 3rd period - Puck is out of play.
19:35 of 3rd period - Patrick Roy call a timeout for Senators.
19:35 of 3rd period - Drew Shore wins face-off versus Stephane Da Costa in Sasquatch zone.
Goals for this period are 1 for Senators vs 2 for Sasquatch.
Shots for this period are 17 for Senators vs 8 for Sasquatch.
Back to the Top